 Dungeon Crawl Stone Soup version 0.20-a0-633-gff4aa5c (webtiles) character file.

4498 Elitist the Thaumaturge (level 10, -6/56 HPs)
             Began as a Kobold Conjurer on Feb 11, 2017.
             Was a Believer of Sif Muna.
             Mangled by a two-headed ogre
             ... wielding a +0 giant spiked club
              (28 damage)
             ... on level 8 of the Dungeon.
             The game lasted 00:38:47 (11222 turns).

Elitist the Thaumaturge (Kobold Conjurer)          Turns: 11222, Time: 00:38:48

Health: -6/56      AC:  8    Str: 11    XL:     10   Next: 65%
Magic:  26/33      EV: 15    Int: 19    God:    Sif Muna [**....]
Gold:   138        SH:  0    Dex: 18    Spells: 15/29 levels left

rFire    . . .     SeeInvis .   g - +0 long sword "Rotuacuudao" {drain, rElec rN+ Str+4 Dex+3} (curse)
rCold    . . .     Gourm    .   m - +1 leather armour {rPois}
rNeg     + . .     Faith    .   (shield restricted)
rPois    +         Spirit   .   v - +1 helmet
rElec    +         Reflect  .   (no cloak)
rCorr    .         Harm     .   (no gloves)
MR       .....                  x - +1 pair of boots
Stlth    +++.......             u - amulet of magic regeneration
Regen    0.2/turn               A - ring of magical power
                                a - ring of wizardry

@: no status effects
A: carnivore 3
a: Divine Energy, Renounce Religion


You were on level 8 of the Dungeon.
You worshipped Sif Muna.
Sif Muna was pleased with you.
You were very full.

You visited 2 branches of the dungeon, and saw 10 of its levels.

You collected 498 gold pieces.
You spent 360 gold pieces at shops.

Inventory:

Hand Weapons
 e - a +0 flail of crushing
 g - the cursed +0 long sword "Rotuacuudao" (weapon) {drain, rElec rN+ Str+4 Dex+3}
   (You found it on level 7 of the Dungeon)

   A truly terrible weapon, it drains the life of those it strikes.
   It affects your strength (+4).
   It affects your dexterity (+3).
   It insulates you from electricity.
   It protects you from negative energy.
   It has a curse placed upon it.
 s - a +1 mace of protection
Missiles
 y - 3 steel tomahawks (quivered)
Armour
 m - a +1 leather armour of poison resistance (worn)
 v - a +1 helmet (worn)
 x - a +1 pair of boots (worn)
Jewellery
 a - a ring of wizardry (left hand)
 u - an amulet of magic regeneration (around neck)
 A - a ring of magical power (right hand)
 C - an uncursed ring of see invisible {unknown}
Wands
 i - a wand of polymorph (11/24)
 n - a wand of disintegration (10/24)
 q - a wand of confusion (37/48)
 w - a wand of flame (19/48)
Scrolls
 d - 3 scrolls of remove curse
 k - 3 scrolls of teleportation
 l - 3 scrolls of magic mapping
 r - a scroll of enchant weapon
Potions
 f - 4 potions of agility
 j - 3 potions of cancellation
 p - a potion of degeneration {unknown}
 t - 2 potions of lignification
 z - a potion of brilliance
Books
 b - a book of Conjurations

   Spells                             Type                      Level
   a - Magic Dart                     Conjuration                  1
   b - Searing Ray                    Conjuration                  2
   c - Dazzling Spray                 Conjuration/Hexes            3
   d - Fulminant Prism                Conjuration/Hexes            4
   e - Force Lance                    Conjuration/Translocation    4
   f - Iskenderun's Mystic Blast      Conjuration                  4
Comestibles
 c - 5 meat rations
 h - 2 royal jellies
 B - 5 chunks of flesh


   Skills:
 - Level 3.0 Fighting
 - Level 2.4 Long Blades
 - Level 1.0 Maces & Flails
 - Level 2.4 Dodging
 + Level 5.4 Stealth
 * Level 10.1 Spellcasting
 + Level 9.5 Conjurations
 + Level 4.0 Hexes


You had 15 spell levels left.
You knew the following spells:

 Your Spells              Type           Power        Failure   Level  Hunger
b - Iskenderun's Mystic   Conj           #####...     1%          4    ##.....
f - Fulminant Prism       Conj/Hex       #####.....   3%          4    ##.....
r - Searing Ray           Conj           #####.       1%          2    None
s - Dazzling Spray        Conj/Hex       #####.       1%          3    None
z - Magic Dart            Conj           ####         1%          1    None


Dungeon Overview and Level Annotations

Branches:
Dungeon (9/15)             Temple (1/1) D:7
   Lair: D:8-11         Orc: D:9-12

Altars:
Ashenzari
Cheibriados
Dithmenos
Elyvilon
Fedhas
Gozag
Hepliaklqana
Kikubaaqudgha
Makhleb
Nemelex Xobeh
Okawaru
Qazlal
Ru
Sif Muna
Trog
Uskayaw
Vehumet
Xom
Yredelemnul
Zin
The Shining One

Shops:
D:6 =

Annotations:
D:2 Sigmund
D:7 exclusion: door
D:8 Grum


Innate Abilities, Weirdness & Mutations

You are small and have problems with some larger weapons.
You are carnivorous and can eat meat at any time.


Message History

Your fulminant prism explodes!
The blast of energy engulfs the two-headed ogre.
The two-headed ogre is lightly wounded.
You hear an angry growl.
You hear a shout! x6; You hear a bark! x3
Casting: Fulminant Prism
Confirm with . or Enter, or press ? or * to list all spells.
Aiming: Iskenderun's Mystic Blast
Press: ? - help, Shift-Dir - straight line The orb of energy misses the two-headed ogre.
The orb of energy explodes!
The two-headed ogre hits you with a giant club!
The two-headed ogre misses you.
Unknown command.
A two-headed ogre comes into view.
It is wielding a giant spiked club and a giant club.
The two-headed ogre shouts in stereo!
The two-headed ogre hits you with a giant spiked club!
The two-headed ogre hits you with a giant club!
The two-headed ogre hits you with a giant spiked club!!
Ouch! That really hurt!
You die...

##.....................#
#..................(...#
.....................##
#..........#.......##
#.........###....##
#.........# ###.##
#.....##### #####
##...##._.###._)##
#..@#.....⌠.....#
#.OO#..⌠.....⌠..#
#...##.........##
##...###.....### ##.
#.....###'### #..#######
#.......).#
#.....)..####........##
#..........#.......## .
##..................######..


You could see 2 two-headed ogres.

Vanquished Creatures
  The ghost of raganim86 the Grappler, a novice TrMo (D:9)
  A sixfirhy (D:7)
  The ghost of IktTor444 the Poker, an amateur TrGl of Okawaru (D:4)
  Edmund (D:4)
  A water moccasin (D:6)
  A hornet zombie (D:8)
  A sky beast (D:6)
  A necrophage (D:7)
  2 ogres
  A phantom (D:6)
  A centaur (D:4)
  A gnoll sergeant (D:7)
  5 bullfrogs
  4 scorpions
  7 wights
  An electric eel (D:8)
  4 howler monkeys
  A crimson imp (D:6)
  A quasit (D:9)
  2 jellies
  A bullfrog skeleton (D:4)
  9 hounds
  5 orc priests
  2 iguanas
  Natasha (thrice) (D:2)
  6 orc wizards
  4 worker ants
  A hound skeleton (D:5)
  6 gnolls
  A worker ant zombie (D:7)
  A howler monkey skeleton (D:4)
  9 adders
  3 shadow imps
  2 oozes
  3 worms
  2 dart slugs
  7 leopard geckos
  24 orcs
  2 ball pythons
  3 giant cockroaches
  13 goblins
  12 hobgoblins
  6 jackals
  5 quokkas
  5 bats
  3 frilled lizards
  6 kobolds
  A leopard gecko skeleton (D:4)
  A quokka zombie (D:5)
  7 rats
191 creatures vanquished.

Vanquished Creatures (others)
  2 orcs (D:9)
  15 fulminant prisms
17 creatures vanquished.

Grand Total: 208 creatures vanquished

Notes
Turn   | Place    | Note
-------+----------+-------------------------------------------
     0 | D:1      | Elitist the Kobold Conjurer began the quest for the Orb.
     0 | D:1      | Reached XP level 1. HP: 10/10 MP: 3/3
   287 | D:1      | Reached XP level 2. HP: 15/15 MP: 3/5
   988 | D:2      | Noticed Natasha
  1001 | D:2      | Killed Natasha
  1001 | D:2      | Reached skill level 3 in Spellcasting
  1001 | D:2      | Reached XP level 3. HP: 19/19 MP: 0/7
  1328 | D:2      | Reached XP level 4. HP: 12/24 MP: 0/8
  1873 | D:2      | Learned a level 3 spell: Dazzling Spray
  1879 | D:2      | Learned a level 4 spell: Iskenderun's Mystic Blast
  2248 | D:2      | Noticed Natasha
  2347 | D:2      | Noticed Sigmund
  2434 | D:2      | Found a bloodstained altar of Trog.
  2436 | D:2      | Reached XP level 5. HP: 28/28 MP: 3/10
  2866 | D:2      | Killed Natasha
  2866 | D:2      | Reached skill level 1 in Hexes
  2987 | D:2      | Noticed Natasha
  2994 | D:2      | Killed Natasha
  2994 | D:2      | Reached skill level 5 in Conjurations
  3294 | D:3      | Reached skill level 1 in Fighting
  3518 | D:3      | Reached XP level 6. HP: 34/34 MP: 6/11
  3782 | D:3      | Learned a level 4 spell: Fulminant Prism
  3847 | D:4      | Found a white marble altar of Elyvilon.
  3869 | D:4      | Noticed IktTor444's ghost (amateur TrGl)
  4092 | D:4      | Reached skill level 4 in Spellcasting
  4288 | D:4      | Found a shadowy altar of Dithmenos.
  4291 | D:4      | Noticed Edmund
  4755 | D:3      | Reached XP level 7. HP: 33/40 MP: 2/13
  5442 | D:4      | Killed Edmund
  6003 | D:5      | Entered Level 5 of the Dungeon
  6035 | D:5      | Learned a level 2 spell: Searing Ray
  6409 | D:5      | Reached XP level 8. HP: 46/46 MP: 7/15
  6956 | D:6      | Reached skill level 1 in Maces & Flails
  7045 | D:6      | Reached skill level 5 in Spellcasting
  7330 | D:6      | Found Morerr's Jewellery Boutique.
  7397 | D:6      | Bought an uncursed amulet of magic regeneration for 360 gold pieces
  7448 | D:6      | Reached skill level 6 in Spellcasting
  7772 | D:6      | Reached XP level 9. HP: 40/50 MP: 14/18
  8230 | D:6      | Reached skill level 7 in Spellcasting
  8466 | D:7      | Got a fine long sword
  8467 | D:7      | Identified the cursed +0 long sword "Rotuacuudao" {drain, rElec rN+ Str+4 Dex+3} (You found it on level 7 of the Dungeon)
  8748 | D:7      | Found a staircase to the Ecumenical Temple.
  8754 | Temple   | Entered the Ecumenical Temple
  8925 | Temple   | Became a worshipper of Sif Muna the Loreminder
  9047 | D:7      | Reached skill level 1 in Long Blades
  9337 | D:7      | Noticed a hippogriff
  9585 | D:7      | Reached skill level 8 in Spellcasting
  9585 | D:7      | Reached * piety under Sif Muna
  9723 | D:7      | Noticed a sixfirhy
  9724 | D:7      | Found a runed door.
  9742 | D:7      | Killed a sixfirhy
  9817 | D:7      | Reached XP level 10. HP: 25/56 MP: 22/22
 10001 | D:7      | Reached skill level 9 in Spellcasting
 10258 | D:4      | Killed IktTor444's ghost
 10453 | D:8      | Found a hide-covered altar of Uskayaw.
 10454 | D:8      | Found a blossoming altar of Fedhas.
 10476 | D:8      | Reached ** piety under Sif Muna
 10534 | D:8      | Noticed a two-headed ogre
 10988 | D:9      | Found a sacrificial altar of Ru.
 11002 | D:9      | Noticed raganim86's ghost (novice TrMo)
 11016 | D:9      | Killed raganim86's ghost
 11016 | D:9      | Reached skill level 5 in Stealth
 11016 | D:9      | Reached skill level 10 in Spellcasting
 11197 | D:8      | Noticed Grum
 11219 | D:8      | Noticed a two-headed ogre
 11222 | D:8      | Mangled by a two-headed ogre

Vault maps used:
D:1:      dpeg_arrival_pits
D:2:      trog_hazing_becter, uniq_natasha, uniq_sigmund
D:3:      minmay_ruptured
D:4:      grunt_dithmenos_smoke_and_mirrors, elyvilon_altar_1, uniq_edmund
D:5:      first_bread
D:6:      serial_shops, shop, grunt_ministairs_7, minmay_misc_feat_pillars
D:7:      cheibrodos_shockbox, minmay_temple_entry_hall
D:8:      gammafunk_temple_overflow_pools, serial_gnoll_camp,
          gnoll_camp_huts_moat, gnoll_camp_mini_shop, grums_kennel,
          gnoll_camp_mini_doghouse
D:9:      minmay_opposing_rooms, kennysheep_mini
Temple:   eino_temple_scatter_basement

Skill      XL: |  1  2  3  4  5  6  7  8  9 10 |
---------------+-------------------------------+-----
Stealth        | 3 4 5 |  5.4
Spellcasting   | 3 4 6 8 10 | 10.1
Hexes          | 1 2 3 4 |  4.0
Conjurations   | 5 6 7 8 9 |  9.5
Fighting       | 1 2 3 |  3.0
Maces & Flails | 1 |  1.0
Long Blades    | 2 |  2.4
Dodging        | |  2.4

Action                   |  1- 3 |  4- 6 |  7- 9 | 10-12 || total
-------------------------+-------+-------+-------+-------++-------
Melee: Short sword       |    15 |    36 |       |       ||    51
       Mace              |       |    13 |    56 |       ||    69
       Unarmed           |       |    11 |       |       ||    11
       Long sword        |       |       |     2 |     3 ||     5
 Cast: Magic Dart        |    55 |   140 |   116 |    39 ||   350
       Dazzling Spray    |       |     6 |    14 |       ||    20
       Iskenderun's Myst |       |     6 |    34 |    36 ||    76
       Searing Ray       |       |       |    20 |     8 ||    28
       Fulminant Prism   |       |       |     7 |     8 ||    15
Evoke: Wand              |       |       |     2 |     2 ||     4
  Use: Scroll            |       |     8 |     7 |       ||    15
       Potion            |       |     4 |     4 |       ||     8
 Stab: Invisible         |       |     1 |     1 |       ||     2
       Sleeping          |       |     1 |       |       ||     1
  Eat: Chunk             |    10 |    10 |    24 |     7 ||    51
Armor: Robe              |     1 |     9 |       |       ||    10
       Animal skin       |       |     1 |     4 |       ||     5
       Skin              |       |     7 |     2 |       ||     9
       Leather armour    |       |       |    22 |    13 ||    35
Dodge: Dodged            |    12 |    75 |    96 |    31 ||   214
       Rpst.: Long sword |       |       |     2 |     9 ||    11
